 Dungeon Crawl Stone Soup version 0.20.1-1-g8b1a95d66d (webtiles) character file.

175 Ivernyr the Shooter (level 5, 23/41 HPs)
             Began as a Centaur Hunter on Nov 18, 2017.
             Quit the game on level 3 of the Dungeon.
             The game lasted 00:10:45 (3407 turns).

Ivernyr the Shooter (Centaur Hunter)                Turns: 3407, Time: 00:10:45

Health: 23/41      AC:  5    Str: 15    XL:     5   Next: 29%
Magic:  5/5        EV: 10    Int: 11    God:
Gold:   51         SH:  0    Dex:  9    Spells: 4/4 levels left

rFire    . . .     SeeInvis .     - Unarmed
rCold    . . .     Gourm    .   (no shield)
rNeg     . . .     Faith    .   c - +0 leather armour
rPois    .         Spirit   .   o - +0 helmet
rElec    .         Reflect  .   (no cloak)
rCorr    .         Harm     .   (no gloves)
MR       .....                  (no barding)
Stlth    +.........             (no amulet)
Regen    0.2/turn               l - +1 ring of evasion
MPRegen  0.1/turn               (no ring)

@: mildly poisoned (23 -> 18), very quick
A: hooves 3, blurry vision 1, deformed body, speed 2, mutation resistance 1,
tough skin 3
a: no special abilities


You were on level 3 of the Dungeon.
You were not hungry.

You visited 1 branch of the dungeon, and saw 3 of its levels.

You collected 51 gold pieces.

Inventory:

Hand Weapons
 a - a +1 shortbow
Missiles
 d - 36 arrows
Armour
 c - a +0 leather armour (worn)
 o - a +0 helmet (worn)
Jewellery
 l - a +1 ring of evasion (left hand)
Scrolls
 g - a scroll of teleportation {unknown}
 i - a scroll of identify {unknown}
 j - a scroll of remove curse {unknown}
 m - a scroll of blinking {unknown}
 n - a scroll of recharging {unknown}
Potions
 e - a potion of heal wounds
Comestibles
 b - a royal jelly
 f - 3 bread rations
 k - 5 fruits


   Skills:
 - Level 2.0 Fighting
 * Level 7.0 Bows
 + Level 1.8 Armour
 - Level 1.3 Dodging
 - Level 0.4 Stealth
 + Level 2.4 Unarmed Combat


You had 4 spell levels left.
You didn't know any spells.

Dungeon Overview and Level Annotations

Branches:
Dungeon (3/15)

Altars:


Innate Abilities, Weirdness & Mutations

You have hooves in place of feet.
Armour fits poorly on your strangely shaped body.
You cover ground very quickly.
You have extremely tough skin. (AC +3)
Scrolls take you a little longer to read.
You are somewhat resistant to further mutation.


Message History

Items here: ( )) † an uncursed short sword of venom; an uncursed blowgun; 4 poisoned needles a kobold corpse You feel sick.
d - 36 arrows (gained 1)
Items here: ( ))) † a club; a hunting sling; 19 stones; a great sword; a goblin corpse You feel sick.
Items here: ( )) † an uncursed short sword of venom; an uncursed blowgun; 4 poisoned needles a kobold corpse You feel sick.
You feel sick.
An orc comes into view. It is wielding a flail.
The orc shouts!
Found a stone staircase leading down.
You see here a royal jelly.
b - a royal jelly The orc throws a stone.
The stone hits you but does no damage.
Are you sure you want to abandon this character and quit the game? (Confirm with "yes".)

.>..# .. ... ###.
... #.# ... #.# #.#
#o> #.# #.# .# #..
#)# #.# #.# #.. #)#
#.###.#
#..####.###PP.#.####
#..@....(.P...P.....
#.#####..≈P≈P≈P≈## #
#..P((♣≈≈≈≈P#
#...P≈♣♣♣♣♣≈≈P#
#.#.P≈♣ ♣♣≈P#
#.##.≈♣ ♣♣≈P.# #
#.≈≈♣P♣P≈≈P#
#.P≈≈≈≈P..##
#.#≈PP.##)###


You could see an orc.

Vanquished Creatures
  Jessica (D:2)
  Robin (D:2)
  An adder (D:3)
  3 gnolls (D:3)
  An ooze (D:1)
  A worm (D:2)
  A dart slug (D:2)
  4 leopard geckos
  3 orcs (D:3)
  A ball python (D:2)
  9 bats
  3 giant cockroaches
  17 goblins
  9 hobgoblins
  6 jackals
  5 frilled lizards
  8 kobolds
  8 rats
  A plant (D:3)
83 creatures vanquished.

Vanquished Creatures (others)
  A plant (D:3)
1 creature vanquished.

Grand Total: 84 creatures vanquished

Notes
Turn   | Place    | Note
-------+----------+-------------------------------------------
     0 | D:1      | Ivernyr the Centaur Hunter began the quest for the Orb.
     0 | D:1      | Reached XP level 1. HP: 17/17 MP: 1/1
   415 | D:1      | Reached XP level 2. HP: 4/24 MP: 2/2
   756 | D:1      | Reached skill level 1 in Armour
  1109 | D:1      | Reached skill level 1 in Unarmed Combat
  1109 | D:1      | Reached XP level 3. HP: 21/29 MP: 3/3
  1450 | D:1      | Reached skill level 6 in Bows
  2002 | D:2      | Noticed Robin
  2116 | D:2      | Killed Robin
  2116 | D:2      | Reached XP level 4. HP: 7/36 MP: 4/4
  2726 | D:2      | Found a faded altar of an unknown god.
  2770 | D:2      | Noticed Jessica
  2780 | D:2      | Killed Jessica
  3257 | D:3      | Reached XP level 5. HP: 41/41 MP: 5/5
  3304 | D:3      | Reached skill level 7 in Bows
  3389 | D:3      | Gained mutation: Scrolls take you a little longer to read. [potion of mutation]
  3389 | D:3      | Gained mutation: You are somewhat resistant to further mutation. [potion of mutation]
  3407 | D:3      | Quit the game

Skill      XL: |  1  2  3  4  5 |
---------------+----------------+-----
Armour         | 1 |  1.8
Unarmed Combat | 1 2 |  2.4
Bows           | 6 7 |  7.0
Fighting       | |  2.0
Dodging        | |  1.3
Stealth        | |  0.4

Action                   |  1- 3 |  4- 6 || total
-------------------------+-------+-------++-------
Melee: Unarmed           |   235 |    93 ||   328
       Kick              |    40 |    26 ||    66
       Punch             |       |     2 ||     2
 Fire: Shortbow          |    20 |    28 ||    48
  Use: Potion            |     1 |     3 ||     4
  Eat: Chunk             |     3 |     4 ||     7
Armor: Leather armour    |   100 |    22 ||   122
Dodge: Dodged            |   126 |    36 ||   162
